 Dungeon Crawl Stone Soup version 0.20-a0-1078-g4874019 (webtiles) character file.

25 LessRight the Magician (level 2, 0/22 HPs)
             Began as a Mummy Enchanter on Apr 30, 2017.
             Slain by a hobgoblin
             ... wielding a +0 club
              (1 damage)
             ... on level 1 of the Dungeon.
             The game lasted 00:05:12 (896 turns).

LessRight the Magician (Mummy Enchanter)             Turns: 896, Time: 00:05:13

Health: 0/22       AC:  2    Str: 11    XL:     2   Next: 82%
Magic:  6/6        EV: 12    Int: 14    God:
Gold:   40         SH:  0    Dex: 12    Spells: 6/7 levels left

rFire    x . .     SeeInvis .   a - +1 dagger
rCold    + . .     Gourm    .   (no shield)
rNeg     + + +     Faith    .   b - +0 robe
rPois    ∞         Spirit   .   (no helmet)
rElec    .         Reflect  .   (no cloak)
rCorr    .         Harm     .   (no gloves)
MR       .....                  (no boots)
Stlth    ++........             (no amulet)
Regen    0.1/turn               (no ring)
MPRegen  0.1/turn               (no ring)

@: no status effects
A: no food or potions, fire vulnerability, cold resistance 1, negative energy
resistance 3, torment resistance, unbreathing
a: no special abilities


You were on level 1 of the Dungeon.
You were not hungry.

You visited 1 branch of the dungeon, and saw 1 of its levels.

You collected 40 gold pieces.

Inventory:

Hand Weapons
 a - a +1 dagger (weapon)
 e - a +0 mace
Missiles
 d - 40 stones (quivered)
Armour
 b - a +0 robe (worn)
 f - a +0 scale mail
Jewellery
 g - a cursed ring of teleportation {unknown}
Books
 c - a book of Maledictions

   Spells                             Type                      Level
   a - Corona                         Hexes                        1
   b - Ensorcelled Hibernation        Hexes/Ice                    2
   c - Confuse                        Hexes                        3
   d - Tukima's Dance                 Hexes                        3
   e - Dazzling Spray                 Conjuration/Hexes            3


   Skills:
 - Level 2.0 Fighting
 - Level 0.7 Short Blades
 - Level 1.5 Dodging
 - Level 2.4 Stealth
 - Level 3.0 Spellcasting
 + Level 2.9 Hexes


You had 6 spell levels left.
You knew the following spells:

 Your Spells              Type           Power        Failure   Level  Hunger
a - Corona                Hex            ##.....      6%          1    N/A

Dungeon Overview and Level Annotations

Branches:
Dungeon (1/15)

Altars:


Innate Abilities, Weirdness & Mutations

You do not eat or drink.
Your flesh is vulnerable to fire.
You are immune to poison.
Your flesh is cold resistant. (rC+)
You are immune to negative energy. (rN+++)
You are immune to unholy pain and torment.
You can survive without breathing.


Message History

You barely miss the hobgoblin.
The hobgoblin is moderately wounded.
The hobgoblin hits you with a club!
You hit the hobgoblin but do no damage.
The hobgoblin is moderately wounded.
The hobgoblin hits you with a club.
* * * LOW HITPOINT WARNING * * *
The hobgoblin stops glowing.
The dart slug launches a dart at you. The slug dart misses you.
You see here a hobgoblin corpse.
A leopard gecko comes into view.
The leopard gecko bites you.
* * * LOW HITPOINT WARNING * * *
The leopard gecko bites you.
* * * LOW HITPOINT WARNING * * *
The leopard gecko bites you.
* * * LOW HITPOINT WARNING * * *
The hobgoblin hits you with a club.
You die...

#.8...8...8.# #..#..#........
#...#...#...####.##.##...†....
##.###.###...##..##.#.........
#...#...#.)...................
#.8...8...8.##.........##.#...
#...#...#...##......##........
##.###.###.###l.............##
#.. #...#...##g.....###.......
#. ...8...8..@.....## #####.##
# ..#.......>#.....# #.##
..#####....######## #..# #.
......# #..# ##....# ####
#....# #.. #..


You could see a leopard gecko and a hobgoblin.

Vanquished Creatures
  2 leopard geckos (D:1)
  3 bats (D:1)
  A giant cockroach (D:1)
  2 goblins (D:1)
  8 hobgoblins (D:1)
  A frilled lizard (D:1)
  A kobold (D:1)
  2 rats (D:1)
20 creatures vanquished.

Notes
Turn   | Place    | Note
-------+----------+-------------------------------------------
     0 | D:1      | LessRight the Mummy Enchanter began the quest for the Orb.
     0 | D:1      | Reached XP level 1. HP: 13/13 MP: 4/4
    48 | D:1      | Reached skill level 3 in Spellcasting
   265 | D:1      | Reached skill level 1 in Fighting
   403 | D:1      | Reached XP level 2. HP: 20/21 MP: 3/6
   894 | D:1      | HP: 1/22 [leopard gecko (1)]
   896 | D:1      | Slain by a hobgoblin

Vault maps used:
D:1:      sevenhm_arrival_forest_fort_small_4, minmay_misc_feat_nine_boxes,
          minmay_misc_feat_four_crosses, minmay_misc_feat_iff

Skill      XL: |  1  2 |
---------------+-------+-----
Spellcasting   | 3 |  3.0
Fighting       | 1 2 |  2.0
Short Blades   | |  0.7
Dodging        | |  1.5
Stealth        | |  2.4
Hexes          | |  2.9

Action                   || total
-------------------------++-------
Melee: Dagger            ||    78
 Cast: Corona            ||    23
 Stab: Sleeping          ||     3
Armor: Robe              ||    11
Dodge: Dodged            ||    38
